 Dungeon Crawl Stone Soup version 0.23.2-1-ga50397a (webtiles) character file.

Game seed: 6903497359909232029

5698 xveg the Slinger (level 11, 0/72 HPs)
             Began as a Halfling Hunter on May 9, 2019.
             Was a Priest of Uskayaw.
             Slain by an orc (4 damage)
             ... on level 8 of the Dungeon.
             The game lasted 00:31:21 (9181 turns).

xveg the Slinger (Halfling Hunter)                  Turns: 9181, Time: 00:31:23

Health: 0/72       AC: 13    Str: 16    XL:     11   Next: 4%
Magic:  11/11      EV:  9    Int:  9    God:    Uskayaw [***...]
Gold:   527        SH: 13    Dex: 20    Spells: 10/10 levels left

rFire    + + .     SeeInvis .   b - +2 spear (pierce)
rCold    . . .     Gourm    .   d - +2 shield
rNeg     . . .     Faith    .   n - +0 chain mail of the Ladybird {+Inv rF+ Dex+4}
rPois    .         Spirit   .   z - +0 hat
rElec    .         Reflect  .   D - +0 cloak
rCorr    .         Harm     .   y - +0 pair of gloves
MR       .....     Rnd*Tele +   C - +0 pair of boots
Stlth    ..........             t - amulet of regeneration
HPRegen  0.62/turn              u - ring of protection from fire
MPRegen  0.12/turn              L - ring of Geateaschy {*Tele +Fly}

@: no status effects
A: small, mutation resistance 1
a: Stomp, Line Pass, Renounce Religion, Evoke Invisibility, Evoke Flight


You were on level 8 of the Dungeon.
You worshipped Uskayaw.
Uskayaw was noncommittal.
You were not hungry.

You visited 2 branches of the dungeon, and saw 10 of its levels.

You collected 527 gold pieces.

Inventory:

Hand Weapons
 a - a +1 hunting sling of velocity
 b - a +2 spear of piercing (weapon)
 E - a +5 trident of protection
Missiles
 e - 330 stones (quivered)
 v - 38 sling bullets
Armour
 c - a +0 leather armour
 d - a +2 shield (worn)
 h - a +0 buckler
 n - the +0 chain mail of the Ladybird (worn) {+Inv rF+ Dex+4}
   (You found it on level 6 of the Dungeon)

   It affects your dexterity (+4).
   It protects you from fire.
   It lets you turn invisible.
 w - a +0 ring mail
 y - a +0 pair of gloves (worn)
 z - a +0 hat (worn)
 C - a +0 pair of boots (worn)
 D - a +0 cloak (worn)
Jewellery
 t - an amulet of regeneration (around neck)
 u - a ring of protection from fire (left hand)
 F - an uncursed amulet of faith
 K - an uncursed ring of ice
 L - the ring of Geateaschy (right hand) {*Tele +Fly}
   (You found it on level 8 of the Dungeon)

   [ring of teleportation]

   It may teleport you next to monsters.
   It lets you fly.
Wands
 p - a wand of scattershot (3)
 I - a wand of disintegration (8)
Scrolls
 g - 3 scrolls of identify
 j - 2 scrolls of remove curse
 k - 3 scrolls of fear
 A - a scroll of magic mapping
Potions
 i - 4 potions of curing
 l - a potion of brilliance {unknown}
 m - 2 potions of might
 o - a potion of flight {unknown}
 q - a potion of mutation
 s - 2 potions of lignification
 B - a potion of haste
Comestibles
 f - 10 rations


   Skills:
 + Level 5.9 Fighting
   Level 0.5 Short Blades
 * Level 7.3 Polearms
 + Level 13.1 Slings
 + Level 5.1 Armour
 + Level 4.7 Dodging
 - Level 1.5 Stealth
 + Level 5.3 Shields
 + Level 1.1 Evocations


You had 10 spell levels left.
You didn't know any spells.
Your spell library contained the following spells:

 Spells                   Type           Power        Failure   Level  Hunger
 Animate Skeleton         Necr           N/A          100%        1    ##.....
 Apportation              Tloc           #.....       100%        1    ##.....
 Confusing Touch          Hex            #.....       100%        1    ##.....
 Corona                   Hex            #......      100%        1    ##.....
 Summon Small Mammal      Summ           #...         100%        1    ##.....
 Ensorcelled Hibernation  Hex/Ice        #.....       100%        2    ###....
 Confuse                  Hex            #.......     100%        3    ####...
 Dazzling Spray           Conj/Hex       #.....       100%        3    ####...
 Tukima's Dance           Hex            #.......     100%        3    ####...


Dungeon Overview and Level Annotations

Branches:
Dungeon (9/15)             Temple (1/1) D:5             Orc (0/2) D:9
   Lair: D:8-11

Altars:
Ashenzari
Cheibriados
Dithmenos
Elyvilon
Fedhas
Gozag
Hepliaklqana
Kikubaaqudgha
Makhleb
Nemelex Xobeh
Okawaru
Qazlal
Ru
Sif Muna
Trog
Uskayaw
Vehumet
Wu Jian
Xom
Yredelemnul
Zin
The Shining One

Annotations:
D:5 3 runed translucent doors, davaitedunem's ghost, amateur VSGl
D:9 2 runed translucent doors


Innate Abilities, Weirdness & Mutations

You are small and have problems with some larger weapons.
You are somewhat resistant to further mutation.


Message History

The two-headed ogre is moderately wounded.
You block the orc's attack.
Uskayaw will force your foes to helplessly watch your dance.
Uskayaw prepares the audience for your solo!
The helpless two-headed ogre fails to defend itself.
You hit the two-headed ogre.
The two-headed ogre is heavily wounded.
The two-headed ogre is no longer paralysed.
The two-headed ogre hits you with a +0 giant club. x2
You puncture the two-headed ogre!
The two-headed ogre is severely wounded.
The orc is no longer paralysed.
You block the orc's attack.
You hit the two-headed ogre.
The two-headed ogre is severely wounded.
The two-headed ogre hits you with a +0 giant club!
* * * LOW HITPOINT WARNING * * *
The two-headed ogre hits you with a +0 giant club!
* * * LOW HITPOINT WARNING * * *
The orc hits you.
You die...

#####....###..
#.............
########.###.##.###..
#.....#......##...#..
###..##.######.####.###
#.......# ### #.#
#.##....# ###.#
#.....O##########...###
#....#@...............#
#.....o##########.###..
#......[# #.# ##.
###.##.##########.####.
#.#..................
#....##.####...)#####
#....##...##..[.# #
#.............).#
#.....####......#####


You could see a two-headed ogre and an orc.

Vanquished Creatures
  Maurice (D:8)
  A queen bee (D:8)
  A hornet (D:8)
  Prince Ribbit (D:6)
  A shadow (D:8)
  A hungry ghost (D:7)
  3 sky beasts
  A black bear (D:7)
  4 ice beasts
  7 ogres
  3 big kobolds (D:3)
  2 bullfrogs
  A gnoll sergeant (D:5)
  A wyvern zombie (D:6)
  An oklob sapling (D:5)
  19 killer bees (D:8)
  5 wights (D:7)
  A crimson imp (D:8)
  4 howler monkeys
  A bullfrog zombie (D:5)
  A centaur zombie (D:5)
  A centaur skeleton (D:7)
  4 orc priests
  3 hounds
  8 orc wizards
  5 iguanas
  Ijyb (D:5)
  7 worker ants
  A hound zombie (D:6)
  A hound skeleton (D:4)
  A worker ant zombie (D:6)
  20 gnolls
  16 adders
  2 oozes
  2 adder skeletons
  2 worms
  A dart slug (D:2)
  4 leopard geckos
  29 orcs
  7 bats
  7 giant cockroaches
  34 goblins
  35 hobgoblins
  13 jackals
  7 kobolds
  7 quokkas
  2 ball pythons
  5 frilled lizards
  A jackal skeleton (D:8)
  A leopard gecko skeleton (D:4)
  A quokka zombie (D:7)
  4 rats
292 creatures vanquished.

Vanquished Creatures (others)
  6 plants (D:5)
6 creatures vanquished.

Grand Total: 298 creatures vanquished

Notes
Turn   | Place    | Note
-------+----------+-------------------------------------------
     0 | D:1      | xveg the Halfling Hunter began the quest for the Orb.
     0 | D:1      | Reached XP level 1. HP: 14/14 MP: 1/1
    21 | D:1      | Reached skill level 6 in Slings
    55 | D:1      | Reached XP level 2. HP: 19/19 MP: 2/2
   410 | D:1      | Reached XP level 3. HP: 24/24 MP: 3/3
   598 | D:2      | Reached skill level 7 in Slings
   638 | D:2      | Reached XP level 4. HP: 22/29 MP: 4/4
   792 | D:2      | Reached skill level 8 in Slings
   792 | D:2      | Reached XP level 5. HP: 34/34 MP: 5/5
  1192 | D:2      | Found an ornate altar of the Wu Jian Council.
  1810 | D:3      | Found a stormy altar of Qazlal.
  1862 | D:3      | Reached XP level 6. HP: 31/40 MP: 6/6
  2193 | D:3      | Reached skill level 9 in Slings
  2239 | D:3      | Reached skill level 1 in Armour
  2495 | D:3      | Reached XP level 7. HP: 16/45 MP: 7/7
  3083 | D:3      | Reached skill level 1 in Shields
  3104 | D:3      | Reached skill level 1 in Polearms
  3104 | D:3      | Reached skill level 10 in Slings
  3651 | D:4      | Reached XP level 8. HP: 46/52 MP: 8/8
  4512 | D:5      | Entered Level 5 of the Dungeon
  4629 | D:5      | Found a staircase to the Ecumenical Temple.
  4806 | D:5      | Reached XP level 9. HP: 24/58 MP: 9/9
  5010 | Temple   | Entered the Ecumenical Temple
  5274 | Temple   | Became a worshipper of Uskayaw the Reveler
  5362 | D:5      | Found a runed translucent gate.
  5363 | D:5      | Found a runed translucent gate.
  5382 | D:5      | Reached * piety under Uskayaw
  5387 | D:5      | Reached ** piety under Uskayaw
  5392 | D:5      | Noticed davaitedunem's ghost (amateur VSGl)
  5395 | D:5      | Found a runed translucent gate.
  5781 | D:5      | Noticed Ijyb
  5783 | D:5      | Killed Ijyb
  6046 | D:6      | Reached skill level 5 in Polearms
  6046 | D:6      | Reached skill level 11 in Slings
  6149 | D:6      | Reached *** piety under Uskayaw
  6218 | D:6      | Noticed Prince Ribbit
  6226 | D:6      | Killed Prince Ribbit
  6739 | D:6      | Got a crude chain mail
  6740 | D:6      | Identified the cursed +0 chain mail of the Ladybird {+Inv
                  | rF+ Dex+4} (You found it on level 6 of the Dungeon)
  7074 | D:7      | Reached XP level 10. HP: 65/65 MP: 10/10
  7081 | D:7      | Reached **** piety under Uskayaw
  7082 | D:7      | Reached skill level 12 in Slings
  7091 | D:7      | Reached ***** piety under Uskayaw
  7097 | D:7      | Found a glowing silver altar of Zin.
  7289 | D:7      | Reached skill level 5 in Fighting
  8101 | D:8      | Got a slimy steel ring
  8231 | D:8      | Reached skill level 13 in Slings
  8410 | D:8      | Noticed Maurice
  8446 | D:9      | Found a large runed translucent door.
  8446 | D:9      | Found a large runed translucent door.
  8452 | D:9      | HP: 3/68 [poisoned by a killer bee]
  8457 | D:9      | HP: 2/68 [poisoned by a killer bee]
  8462 | D:9      | HP: 1/68 [poisoned by a killer bee]
  8467 | D:9      | HP: 2/68 [poisoned by a killer bee]
  8472 | D:9      | HP: 3/68 [poisoned by a killer bee]
  8571 | D:9      | Identified the ring of Geateaschy {*Tele +Fly} (You found
                  | it on level 8 of the Dungeon)
  8697 | D:8      | Reached skill level 1 in Evocations
  8747 | D:8      | Reached skill level 5 in Armour
  8747 | D:8      | Reached skill level 5 in Shields
  9129 | D:8      | Killed Maurice
  9129 | D:8      | Reached XP level 11. HP: 72/72 MP: 11/11
  9165 | D:9      | Found a staircase to the Orcish Mines.
  9165 | D:9      | Noticed a two-headed ogre
  9166 | D:9      | Noticed a two-headed ogre
  9181 | D:8      | Slain by an orc

Skill      XL: |  1  2  3  4  5  6  7  8  9 10 |
---------------+-------------------------------+-----
Slings         | 6 7 8 9 10 11 13 | 13.1
Fighting       | 2 3 4 5 |  5.9
Armour         | 1 2 3 5 |  5.1
Dodging        | 3 4 |  4.7
Shields        | 2 3 4 5 |  5.3
Polearms       | 1 3 5 7 |  7.3
Evocations     | 1 |  1.1
Short Blades   | |  0.5
Stealth        | |  1.5

Action                   |  1- 3 |  4- 6 |  7- 9 | 10-12 || total
-------------------------+-------+-------+-------+-------++-------
Melee: Spear             |       |    78 |   331 |   226 ||   635
       Short sword       |       |    18 |       |       ||    18
       Hunting sling     |       |       |     9 |       ||     9
 Fire: Hunting sling     |    80 |   154 |   324 |   176 ||   734
Throw: Stone             |       |     6 |     1 |       ||     7
       Throwing net      |       |       |       |     1 ||     1
 Abil: Evoke Invisibilit |       |       |       |     1 ||     1
       Evoke Flight      |       |       |       |     1 ||     1
Evoke: Wand              |       |       |       |     1 ||     1
  Use: Potion            |       |     1 |     3 |     7 ||    11
       Scroll            |       |       |    10 |     9 ||    19
 Stab: Paralysed         |       |       |     1 |     9 ||    10
       Invisible         |       |       |       |     3 ||     3
  Eat: Chunk             |       |     2 |     3 |     1 ||     6
       Ration            |       |     1 |     4 |     2 ||     7
Armor: Leather armour    |     3 |    29 |     1 |       ||    33
       Ring mail         |       |       |    81 |       ||    81
       Chain mail        |       |       |       |   114 ||   114
Dodge: Dodged            |    12 |   120 |   176 |   103 ||   411
Block: Buckler           |       |    12 |       |       ||    12
       Shield            |       |    42 |   153 |   233 ||   428
